 Dungeon Crawl Stone Soup version 0.30.1-6-gbe392663c4 (webtiles) character file.

Game seed: 12571481272664929152

906 monsoonserge the Slasher (level 7, -9/55 HPs)
             Began as a Demonspawn Monk on Sept 20, 2023.
             Was an Initiate of Yredelemnul.
             Splashed by a jelly's acid (10 damage)
             ... on level 5 of the Dungeon.
             The game lasted 00:13:17 (4809 turns).

monsoonserge the Slasher (Demonspawn Monk)          Turns: 4809, Time: 00:13:18

Health: -9/55      AC:  0    Str: 11    XL:     7   Next: 81%
Magic:  16/16      EV: 12    Int: 13    God:    Yredelemnul [......]
Gold:   140        SH:  4    Dex: 18    Spells: 6/6 levels left

rFire   . . .        a - +3 dagger
rCold   . . .        d - orb {light}
rNeg    . . .        r - +3 ring mail
rPois   .            (helmet restricted)
rElec   .            t - +0 cloak
rCorr   .            C - +0 pair of gloves
SInv    .            y - +2 pair of boots
Will    +....        (no amulet)
Stlth   +            j - ring of flight
HPRegen 0.29/turn    h - ring of Dubrim {Will+ MP+9 Int+2}
MPRegen 0.15/turn

%: no passive effects
@: corroded, flying, glowing
A: antennae 1, slimy green scales 2, foul stench 1, condensation shield
a: Renounce Religion, Recall Undead Harvest


You were on level 5 of the Dungeon.
You worshipped Yredelemnul.
Yredelemnul was noncommittal.
You visited 2 branches of the dungeon, and saw 6 of its levels.

You collected 305 gold pieces.
You spent 165 gold pieces at shops.

Inventory:

Hand Weapons
 a - a +3 dagger (weapon)
 b - a +0 sling
 l - a +0 short sword
 z - a +0 falchion
Missiles
 e - 8 poisoned darts (quivered)
 o - 2 throwing nets
Armour
 c - a +0 robe
 d - an orb of light (worn)
 r - a +3 ring mail (worn)
 t - a +0 cloak (worn)
 y - a +2 pair of boots (worn)
 C - a +0 pair of gloves (worn)
Jewellery
 h - the ring of Dubrim (right hand) {Will+ MP+9 Int+2}
   (You bought it in a shop on level 4 of the Dungeon)

   [ring of magical power]

   Int:       It affects your intelligence (+2).
   MP:        It affects your magic capacity (+9).
   Will:      It increases your willpower.
 j - a ring of flight (left hand)
Scrolls
 n - a scroll of fear
 q - a scroll of fog
 u - 2 scrolls of magic mapping
 v - a scroll of immolation
 w - 2 scrolls of poison
 x - a scroll of blinking
 A - 3 scrolls of teleportation {unknown}
 B - a scroll of enchant weapon
 D - a scroll of vulnerability
 F - a scroll of amnesia {unknown}
Potions
 f - a potion of might
 g - a potion of curing {unknown}
 i - a potion of heal wounds {unknown}
 k - 2 potions of attraction {unknown}
 m - a potion of haste {unknown}
 p - 2 potions of flight {unknown}
 s - 2 potions of berserk rage {unknown}
 E - a potion of lignification {unknown}


   Skills:
 + Level 4.5 Fighting
 + Level 3.1(4.4) Short Blades
 - Level 4.8(5.3) Long Blades
 + Level 0.3 Throwing
 + Level 2.7 Armour
 + Level 4.4 Dodging
 + Level 1.7 Stealth
 - Level 1.0 Shields


You had 6 spell levels left.
You didn't know any spells.
Your spell library was empty.

Dungeon Overview and Level Annotations

Branches:
Dungeon (5/15)             Temple (1/1) D:5

Altars:
Ashenzari
Dithmenos
Gozag
Hepliaklqana
Kikubaaqudgha
Okawaru
Ru
Sif Muna
Uskayaw
Vehumet
Wu Jian
Yredelemnul

Shops:
D:4 *


Innate Abilities, Weirdness & Mutations

You have a pair of small antennae on your head.
You are mostly covered in slimy green scales. (AC +3)
You may rarely emit foul miasma when damaged in melee.
A meltable shield of frost defends you. (SH +4)


Message History

a - a +3 dagger (weapon)
You hit the jelly.
Your hands burn!
The jelly is lightly wounded.
The jelly closely misses you.
You hit the jelly. The acid corrodes you!
Your hands burn!
The jelly is moderately wounded.
The jelly barely misses you.
You hit the jelly.
Your hands burn!
The jelly is moderately wounded.
The jelly closely misses you.
You hit the jelly.
Your hands burn!
The jelly is heavily wounded.
You block the jelly's attack.
You hit the jelly.
Your hands burn!
The jelly is severely wounded.
You hit the jelly.
Your hands burn!
The jelly is severely wounded.
The jelly misses you.
You hit the jelly. The acid corrodes you!
Your hands burn!
The jelly is severely wounded.
The jelly hits you. The acid corrodes you!
You are splashed with acid!
You hit the jelly but do no damage. The acid corrodes you!
Your hands burn!
The jelly is severely wounded.
The jelly hits you.
You are splashed with acid!
* * * LOW HITPOINT WARNING * * *
You hit the jelly but do no damage.
Your hands burn!
* * * LOW HITPOINT WARNING * * *
The jelly is severely wounded.
You hit the jelly but do no damage.
Your hands burn!
* * * LOW HITPOINT WARNING * * *
The jelly is severely wounded.
You block the jelly's attack.
You hit the jelly but do no damage.
Your hands burn!
* * * LOW HITPOINT WARNING * * *
The jelly is severely wounded.
The jelly hits you.
* * * LOW HITPOINT WARNING * * *
You are splashed with acid!
You die...
Your body rises from the dead as a mindless zombie.

..####...#.### ..###
........##...###...#
........#.......[#.##
.......##..>..##....#
.....#........#).##.....
.......###...##..###.##.
.........###.#.....#.#...
...........#.#..J........
................@##......
(...........#............
........#..............##
##.....##.........#..###
#.......##### #........
###...... ##.....


You could see a jelly.

Vanquished Creatures
  An ice beast (D:4)
  2 black bears
  2 jellies
  2 hounds (D:4)
  2 orc priests (D:4)
  2 iguanas (D:4)
  6 orc wizards
  Natasha (twice) (D:3)
  4 gnolls
  6 adders
  An ufetubus (D:5)
  A worm (D:3)
  3 dart slugs
  14 orcs
  10 ball pythons
  12 endoplasms
  A giant cockroach (D:2)
  10 goblins
  7 hobgoblins
  3 quokkas
  4 bats
  5 frilled lizards
  3 kobolds
  2 rats (D:1)
105 creatures vanquished.

Vanquished Creatures (others)
  An orc (D:4)
1 creature vanquished.

Grand Total: 106 creatures vanquished

Notes
Turn   | Place    | Note
-------+----------+-------------------------------------------
     0 | D:1      | monsoonserge the Demonspawn Monk began the quest for the
                  | Orb.
     0 | D:1      | Reached XP level 1. HP: 18/18 MP: 1/1
   214 | D:1      | Gained mutation: You may rarely emit foul miasma when
                  | damaged in melee. [demonic ancestry]
   214 | D:1      | Reached XP level 2. HP: 20/24 MP: 2/2
  1016 | D:2      | Gained mutation: You are partially covered in slimy green
                  | scales. (AC +2) [demonic ancestry]
  1016 | D:2      | Reached XP level 3. HP: 29/29 MP: 3/3
  1061 | D:2      | Gained mutation: You are mostly covered in slimy green
                  | scales. (AC +3) [demonic ancestry]
  1061 | D:2      | Reached XP level 4. HP: 13/35 MP: 4/4
  1283 | D:2      | You are sucked into a shaft and drop 2 floors!
  1342 | D:3      | Found a radiant altar of Vehumet.
  1378 | D:4      | Noticed a black bear
  1389 | D:4      | Killed a black bear
  1390 | D:4      | Gained mutation: You have a pair of small antennae on your
                  | head. [demonic ancestry]
  1390 | D:4      | Reached XP level 5. HP: 30/42 MP: 5/5
  1691 | D:2      | Reached skill level 1 in Armour
  2468 | D:3      | Noticed Natasha
  2481 | D:3      | Killed Natasha
  2482 | D:3      | Gained mutation: A meltable shield of frost defends you.
                  | (SH +4) [demonic ancestry]
  2482 | D:3      | Reached XP level 6. HP: 44/48 MP: 6/6
  2519 | D:3      | Reached skill level 1 in Stealth
  3012 | D:3      | Noticed Natasha
  3020 | D:3      | Killed Natasha
  3284 | D:4      | Found Ithausk's Assorted Antiques.
  3560 | D:4      | Reached skill level 1 in Short Blades
  3846 | D:4      | Reached XP level 7. HP: 54/55 MP: 7/7
  4279 | D:5      | Entered Level 5 of the Dungeon
  4497 | D:4      | Reached skill level 1 in Shields
  4579 | D:4      | Bought a smoking platinum ring for 165 gold pieces
  4579 | D:4      | Identified the ring of Dubrim {Will+ MP+9 Int+2} (You
                  | bought it in a shop on level 4 of the Dungeon)
  4735 | D:5      | Found a staircase to the Ecumenical Temple.
  4753 | Temple   | Entered the Ecumenical Temple
  4775 | Temple   | Became a worshipper of Yredelemnul the Dark
  4775 | Temple   | Reached * piety under Yredelemnul
  4775 | Temple   | Reached ** piety under Yredelemnul
  4809 | D:5      | HP: 2/55 [acid (3)]
  4809 | D:5      | Splashed by a jelly's acid

Illustrated notes

Levels and vault maps discovered:
D:1:      tekkud_arrival_beachfront_property, layout_loops_ring,
          minmay_hedge_maze, nicolae_hexahallways
D:2:      layout_basic, hex_large, minmay_indecisive_spiral
D:3:      layout_basic, nicolae_overflow_hidden_temple, kennysheep_minor_cross,
          saegor_snake_ambush, uniq_natasha
D:4:      layout_loops_ring, serial_shops, nicolae_shop_behind_doors,
          kennysheep_flooded_box, minmay_checkerbox
D:5:      layout_cave_pools, minitemple, minmay_temple_entry_slanted,
          nicolae_figureground_pulse
Temple:   hellmonk_temple_two_chambers

Skill      XL: |  1  2  3  4  5  6  7 |
---------------+----------------------+-----
Dodging        | 3 4 |  4.4
Long Blades    | 3 4 |  4.8
Armour         | 1 2 |  2.7
Fighting       | 4 |  4.5
Stealth        | 1 |  1.7
Short Blades   | 1 3 |  3.1
Shields        | 1 |  1.0
Throwing       | |  0.3

Action                     |  1- 3 |  4- 6 |  7- 9 || total
---------------------------+-------+-------+-------++-------
  Melee: Falchion          |    71 |    99 |       ||   170
         Dagger            |       |   123 |   137 ||   260
   Fire: Sling             |       |       |     7 ||     7
  Throw: Dart              |       |     3 |       ||     3
    Use: Scroll            |       |     7 |     1 ||     8
         Potion            |       |     2 |       ||     2
 Armour: Robe              |    13 |     5 |       ||    18
         Ring mail         |       |    85 |    59 ||   144
  Dodge: Dodged            |    64 |   142 |    79 ||   285
  Block: Orb               |       |    20 |    23 ||    43
